 Dungeon Crawl Stone Soup version 0.29-a0-271-gd4eb659eea (webtiles) character file.

Game seed: 13771911125766031900

473 enile the Skirmisher (level 7, -1/81 HPs)
             Began as a Djinni Fire Elementalist on Mar 8, 2022.
             Was a Priest of Fedhas.
             Killed by nerve-wracking pain
             ... invoked by Menkaure
              (11 damage)
             ... on level 3 of the Dungeon.
             The game lasted 00:06:13 (5331 turns).

enile the Skirmisher (Djinni Fire Elementalist)     Turns: 5331, Time: 00:06:13

Health: -1/81      AC:  4    Str:  7    XL:     7   Next: 32%
Gold:   111        EV: 13    Int: 18    God:    Fedhas [***...] SH:  0 Dex: 14

rFire   + + .      SeeInvis .   j - +2 quarterstaff (chaos)
rCold   x . .      Faith    .   (shield currently unavailable)
rNeg    . . .      Spirit   .   a - +0 robe
rPois   ∞          Reflect  .   (no helmet)
rElec   .          Harm     .   l - +1 cloak
rCorr   .          Rampage  .   (no gloves)
Will    .....                   (boots unavailable)
Stlth   ..........              (no amulet)
HPRegen 0.23/turn               (no ring)
MPRegen 0.00/turn               (no ring)

@: berserking, flying, very quick
A: sickness immunity, fire resistance 2, cold vulnerability 1, float, innate
caster, HP casting, extra vitality 1
a: Renounce Religion, Wall of Briars, Grow Ballistomycete


You were on level 3 of the Dungeon.
You worshipped Fedhas.
Fedhas was most pleased with you.
You visited 1 branch of the dungeon, and saw 4 of its levels.

You collected 199 gold pieces.
You spent 88 gold pieces at shops.

Inventory:

Hand Weapons
 f - a +0 dagger
 j - a +2 quarterstaff of chaos (weapon)
Armour
 a - a +0 robe (worn)
 l - a +1 cloak (worn)
Magical Staves
 k - a staff of cold
Wands
 e - a wand of polymorph (7)
Scrolls
 i - a scroll of vulnerability
 n - a scroll of fear
 p - a scroll of magic mapping
Potions
 b - a potion of might
 c - 2 potions of curing
 g - a potion of degeneration
 h - a potion of resistance {unknown}
 o - a potion of attraction {unknown}
 r - a potion of brilliance {unknown}


   Skills:
 - Level 5.0 Fighting
 + Level 3.7 Dodging
 - Level 1.5 Stealth
 - Level 4.0 Spellcasting


You couldn't memorise any spells.
You knew the following spells:

 Your Spells              Type           Power      Damage    Failure   Level
a - Foxfire               Conj/Fire      72%        2x1d7     2%          1
b - Scorch                Fire           36%        2d7       4%          2
c - Conjure Flame         Conj/Fire      18%        6-21      9%          3
d - Inner Flame           Hex/Fire       18%        N/A       9%          3
e - Flame Wave            Conj/Fire      18%        2d6       28%         4
f - Apportation           Tloc           36%        N/A       2%          1
g - Blink                 Tloc           36%        N/A       4%          2
h - Ensorcelled Hibernat  Hex/Ice        36%        N/A       4%          2
Your spell library was empty.

Dungeon Overview and Level Annotations

Branches:
Dungeon (4/15)
 Temple: D:4-7

Altars:
Fedhas

Shops:
D:1 !   D:2 (   D:3 ?([[(

Annotations:
D:3 Menkaure
D:4 Grinder


Innate Abilities, Weirdness & Mutations

You are immune to sickness and miasma.
You are immune to poison.
Your flesh is very heat resistant. (rF++)
You are vulnerable to cold. (rC-)
You float through the air rather than walking.
You learn spells naturally, not from books.
Your magical power is your life essence.
You have superior vitality. (+4 MHP)


Message History

Menkaure hits you but does no damage. The scorpion completely misses you.
It was a potion of cancellation.
Your magical effects are unravelling.
You feel magically purged.
Your magical contamination has completely faded away.
You feel your willpower return. The scorpion misses you. Menkaure hits you!!
* * * LOW HITPOINT WARNING * * *
It was a potion of berserk rage.
A red film seems to cover your vision as you go berserk!
You feel yourself moving faster!
You feel mighty!
The scorpion stings you but does no damage.
You hit the scorpion.
The scorpion is poisoned.
The scorpion is lightly wounded.
The scorpion closely misses you.
Menkaure casts a spell.
Menkaure seems to speed up.
You closely miss the scorpion.
The scorpion is lightly wounded.
The scorpion closely misses you. Menkaure misses you.
You hit the scorpion.
The scorpion is severely wounded.
Menkaure points at you and mumbles some strange words.
You struggle to resist.
The scorpion closely misses you.
You sock the scorpion!
You kill the scorpion!
Fedhas appreciates your contribution to the ecosystem.
Menkaure calls on the powers of darkness!
Your body is wracked with pain!
* * * LOW HITPOINT WARNING * * *
Menkaure casts a spell at you. Pain shoots through your body!
* * * LOW HITPOINT WARNING * * *
Your Dodging skill increases to level 3!
You hit Menkaure.
Menkaure is moderately damaged.
Menkaure casts a spell at you. Pain shoots through your body!
You die...
Fedhas appreciates your contribution to the ecosystem.

##.....##..........
#..≈≈≈..#####).....
#.≈≈≈≈≈.# #......
#.≈≈≈≈≈.# #......
#.≈≈≈≈≈.# #......
#..≈≈≈..# #......
##..∩..## #......
######## #......
#.@....# #######
#.†M...# ##### #
##......#### #...###
#..........###...#..
#>.........'.'...'..
#..........###...#..
#..........# #...#..
#..........# #...#..
#..........# #...#..


You could see Menkaure (fast, weak-willed).

Vanquished Creatures
  A water moccasin (D:3)
  An ogre (D:2)
  A scorpion (D:3)
  A hound (D:3)
  Crazy Yiuf (D:2)
  8 adders
  4 worms
  3 dart slugs
  An orc (D:4)
  5 bats
  4 endoplasms
  2 giant cockroaches
  5 goblins
  5 hobgoblins
  2 jackals (D:2)
  9 kobolds
  4 quokkas
  9 ball pythons
  9 frilled lizards
  6 rats
81 creatures vanquished.

Vanquished Creatures (others)
  266 foxfires
266 creatures vanquished.

Grand Total: 347 creatures vanquished

Notes
Turn   | Place    | Note
-------+----------+-------------------------------------------
     0 | D:1      | enile the Djinni Fire Elementalist began the quest for the
                  | Orb.
     0 | D:1      | Reached XP level 1. HP: 15/15 MP: 0/0
    47 | D:1      | Found Etuv's Distillery.
   230 | D:1      | Reached skill level 1 in Fighting
   326 | D:1      | Found a faded altar of an unknown god.
   340 | D:1      | Reached XP level 2. HP: 10/22 MP: 0/0
   550 | D:1      | Prayed at the altar of an unknown god.
   550 | D:1      | Became a worshipper of Fedhas Madash
   550 | D:1      | Reached * piety under Fedhas
   855 | D:1      | Reached skill level 2 in Fighting
  1260 | D:1      | Reached XP level 3. HP: 11/29 MP: 0/0
  1260 | D:1      | Learned a level 1 spell: Apportation
  1870 | D:1      | Bought a potion of degeneration for 11 gold pieces
  1921 | D:2      | Reached skill level 3 in Fighting
  2107 | D:2      | Reached ** piety under Fedhas
  2487 | D:2      | Reached XP level 4. HP: 30/35 MP: 0/0
  2980 | D:2      | Found Xaicw's Weapon Emporium.
  3070 | D:2      | Found a blossoming altar of Fedhas.
  3151 | D:2      | Noticed an ogre
  3160 | D:2      | Killed an ogre
  3161 | D:2      | Reached XP level 5. HP: 33/40 MP: 0/0
  3161 | D:2      | Learned a level 2 spell: Blink
  3301 | D:2      | Found a runed translucent door.
  3302 | D:2      | Noticed Crazy Yiuf
  3371 | D:2      | Killed Crazy Yiuf
  3497 | D:3      | Reached XP level 6. HP: 39/46 MP: 0/0
  3659 | D:3      | Found Caiw's Magic Scroll Shoppe.
  3675 | D:3      | Bought a scroll of fear for 49 gold pieces
  3675 | D:3      | Bought a scroll of identify for 28 gold pieces
  3702 | D:3      | Found Quduif's Armour Emporium.
  3772 | D:3      | Found Uwijop's Antique Weapon Shoppe.
  4000 | D:3      | Found Niv Her's Armour Boutique.
  4091 | D:3      | Noticed a water moccasin
  4110 | D:3      | Killed a water moccasin
  4111 | D:3      | Reached skill level 4 in Fighting
  4578 | D:3      | Found Weifrus's Antique Weapon Shop.
  4683 | D:3      | Reached skill level 5 in Fighting
  4683 | D:3      | Reached XP level 7. HP: 12/54 MP: 0/0
  4683 | D:3      | Learned a level 2 spell: Ensorcelled Hibernation
  4694 | D:3      | Reached *** piety under Fedhas
  4967 | D:3      | Found the +1 Delatra's gloves {ID++}
  5130 | D:4      | Noticed Menkaure
  5131 | D:4      | Noticed Grinder
  5331 | D:3      | Killed from afar by Menkaure

Illustrated notes

Levels and vault maps discovered:
D:1:      evilmike_arrival_plus, layout_loops_corners, serial_shops,
          nicolae_shop_advertising_works [nicolae_subvault_shop_adworks],
          shapermc_ecumenical_altar_mp_highgroup, hangedman_decor_points
D:2:      layout_basic, basic_altar, serial_shops, shop, minmay_tetromino_o2,
          uniq_crazy_yiuf_cottage
D:3:      minmay_chambers_of_threes, layout_basic, serial_shops,
          nicolae_lakefront_shop, shop, shop, shop, nicolae_shop_hallway_plus,
          kennysheep_generic_room_2
D:4:      layout_basic, nicolae_shop_clearance, uniq_grinder, uniq_menkaure

Skill      XL: |  1  2  3  4  5  6  7 |
---------------+----------------------+-----
Fighting       | 1 2 3 5 |  5.0
Spellcasting   | 3 4 |  4.0
Dodging        | 3 |  3.7
Stealth        | |  1.5

Action                   |  1- 3 |  4- 6 |  7- 9 || total
-------------------------+-------+-------+-------++-------
Melee: Unarmed           |     4 |       |       ||     4
       Quarterstaff      |       |    13 |     5 ||    18
       Staff             |       |     5 |       ||     5
 Cast: Foxfire           |    82 |    71 |    13 ||   166
       Scorch            |     8 |    18 |     3 ||    29
       Blink             |       |     2 |     1 ||     3
       Inner Flame       |       |     1 |     1 ||     2
       Flame Wave        |       |     1 |       ||     1
  Use: Potion            |     1 |     2 |     3 ||     6
       Scroll            |       |     4 |     4 ||     8
 Stab: Invisible         |       |     1 |       ||     1
Armor: Robe              |     2 |    15 |     3 ||    20
Dodge: Dodged            |     9 |    52 |    12 ||    73

Table legend: (Time is in decaauts)
 A = Elapsed time spent in this place.
 B = Non-inter-level travel time spent in this place.
 C = Inter-level travel time spent in this place.
 D = Time resting spent in this place.
 E = Time spent auto-exploring this place.
 F = Levels seen in this place.
 G = Mean time per level.
                   A        B        C        D        E       F      G
               +--------+--------+--------+--------+--------+-----+--------+
         Total |   5324 |   5180 |    144 |    419 |   4120 |   4 | 1331.0 |
       Dungeon |   5324 |   5180 |    144 |    419 |   4120 |   4 | 1331.0 |
               +--------+--------+--------+--------+--------+-----+--------+

Top non-repeatable levels by time:
     D:1: 1889 daAuts
     D:2: 1831 daAuts
     D:3: 1497 daAuts
     D:4: 105 daAuts
